[Event "*** Titled Tuesday Blitz"]
[Site "Chess.com"]
[Date "2018.04.03"]
[Round "8"]
[White "kasparik_garik"]
[Black "lucasran"]
[Result "1-0"]
[WhiteElo "2510"]
[BlackElo "2397"]
[TimeControl "180+2"]
[EndTime "14:47:33 PDT"]
[Termination "kasparik_garik won by resignation"]

1. e4 c6 2. d3 d5 3. Nd2 g6 4.
Ngf3 Bg7 5. g3 e5 6. Bg2 Ne7 7. O-O O-O 8. Re1 d4 9. Nc4 b5 10. Ncd2 Qc7 11. c3 dxc3 12. bxc3 Rd8 13. d4 exd4 14.
cxd4 c5 15. e5 Bb7 16. e6 fxe6 17. Ng5 Bxg2 18. Nxe6 Qd7 19. Nxd8 Bd5 20. dxc5 Qxd8 21. Rb1 a6 22. Ne4 Nbc6 23. Nd6 Qd7 24. Bb2 Qh3 25. f3 Rf8 26. Rf1 Ne5 27. Bxe5 Bxe5 28. Qe2 Bd4+ 29. Kh1 Nc6 30. Qg2 Qxg2+ 31. Kxg2 Bxc5 32.
Ne4 Bxe4 33. fxe4 Rxf1 34. Rxf1 Ne5 35. Rc1 Nc4 36. Kf3 Kf7 37. h4 h5 38. g4 Ke6 39.
gxh5 gxh5 40. Rd1 Bd6 41. Rd5 Be5 42. Rd8 a5 43. Ra8 b4 44. Ra6+ Ke7 45. Ke2 Kd7 46.
Kd3 Nb2+ 47. Kc2 a4 48. Rh6 a3 49. Rxh5 Ke6 50. Rh6+ Kf7 51. h5 Nc4 52. Kb3 Nd6 53. Kxb4 Nxe4 54. Kxa3 Nf6 55. Kb3 Ng4 56. Rg6 Nf6 57.
Rg5 Bd6 58. a4 Bc7 59. a5 Ke6 60. a6 Bb6 61. h6 Kf7 62. Rg7+ Ke6 63. h7 Nxh7 64.
Rxh7 Kd6 65. a7 Bxa7 1-0

[Event "*** Titled Tuesday Blitz"]
[Site "Chess.com"]
[Date "2018.04.03"]
[Round "8"]
[White "Hrant_ChessMood"]
[Black "igorkovalenko"]
[Result "0-1"]
[WhiteElo "2898"]
[BlackElo "2709"]
[TimeControl "180+2"]
[EndTime "14:47:45 PDT"]
[Termination "igorkovalenko won by resignation"]

1. d4 Nf6 2. Nf3 b6 3. c4 Bb7 4. g3 g6 5. Bg2 Bg7 6. O-O O-O 7.
d5 e6 8. Nc3 exd5 9. cxd5 Re8 10.
Nd4 Na6 11. Bg5 h6 12. Be3 Nc5 13. Qd2 Kh7 14. Ndb5 a6 15. Na3 d6 16. Bd4 Qd7 17. Nc2 Re7 18. Rae1 Rae8 19. b4 Na4 20. Nxa4 Qxa4 21.
Ne3 Nd7 22. Bxg7 Kxg7 23. Rc1 Nf6 24. Qd4 h5 25. g4 Re4 26. Bxe4 Rxe4 27. Qb2 Rxb4 28.
Qc3 hxg4 29. Qxc7 Bxd5 30. Qxd6 Be6 31. Qe5 Re4 32. Qc3 Qxa2 33. Rc2 Qa4 34. Ra1 Qb5 35. Rb2 Qc5 36. Qxc5 bxc5 37. Rxa6 Nd5 38. Nxd5 Bxd5 39. Kf1 Rd4 40. Ke1 Be6 41. Ra3 Rd5 42. Rd2 Rh5 43.
Rd6 Rxh2 44. Ra7 Kf6 45. Rc7 Ke5 46. Rd3 c4 47. Re3+ Kf6 48. Re4 Rh1+ 49. Kd2 Rf1 50. Ke3 Kg5 51. Rc5+ Kf6 52. Rf4+ Kg7 53. Rc7 Ra1 54.
Re4 Kf6 55. Rf4+ Ke5 56. Re4+ Kd6 57. Rb7 Ra3+ 58. Kd4 Rb3 59. Ra7 Rb2 60. Ra6+ Ke7 61. Kc3 Rb1 62. Kd2 Kf6 63. Rc6 Kg5 64. Rc5+ Kh4 65.
Ke3 Kh3 66. Rf4 Kg2 67. Rc6 Rb3+ 68. Kd2 Kf1 69. Rf6 Rb2+ 70. Ke3 Rxe2+ 71. Kd4 Rxf2 72.
Rxf2+ Kxf2 73. Ra6 g3 74. Ra2+ Kf3 75. Ra3+ Kf4 76.
Ra2 g5 77. Ra1 g2 0-1

[Event "*** Titled Tuesday Blitz"]
[Site "Chess.com"]
[Date "2018.04.03"]
[Round "8"]
[White "GMKrikor"]
[Black "Man-Chuk"]
[Result "1/2-1/2"]
[WhiteElo "2653"]
[BlackElo "2673"]
[TimeControl "180+2"]
[EndTime "14:48:08 PDT"]
[Termination "Game drawn by repetition"]

1. e4 e5 2. Nf3 Nc6 3. Bb5 a6 4. Ba4 Nf6 5. O-O Nxe4 6. d4 b5 7. Bb3 d5 8. dxe5 Be6 9. Nbd2 Be7 10. c3 Nc5 11. Bc2 Bg4 12. h3 Bh5 13. Re1 Qd7 14. Nf1 Bg6 15. Ne3 Rd8 16. Nd4 Nxd4 17. cxd4 Bxc2 18.
Qxc2 Ne6 19. Nf5 O-O 20. Be3 c5 21. Rad1 cxd4 22. Bxd4 Rc8 23. Qd3 g6 24. Nxe7+ Qxe7 25. Be3 Rfd8 26. Rc1 d4 27. Rxc8 Rxc8 28. Bd2 Qd7 29.
Qf3 Qe7 30. Qe4 Rd8 31. Ba5 Rd7 32. Rd1 Kg7 33. a3 Qg5 34. Bd2 Qh5 35. Re1 Qf5 36. Qxf5 gxf5 37. Rc1 d3 38. f4 Nd4 39. Kf2 Nb3 40.
Rd1 a5 41. Kf3 a4 42. Bc3 Kg6 43. Ke3 d2 44. g4 h5 45. g5 Rd5 46. Ke2 Kh7 47. Bxd2 Nd4+ 48. Kf2 Ne6 49. Ke1 Rd4 50. Be3 Re4 51. Kf2 Nxf4 52. Rd7 Kg6 53. Kf3 Ne6 54.
Rb7 Rxe5 55. h4 Rd5 56. Rb8 f4 57. Bf2 Kf5 58. Rb7 Rd3+ 59. Ke2 Rb3 60. Rxf7+ Ke5 61. g6 Rxb2+ 62. Kf3 Rb3+ 63. Kg2 f3+ 64. Kg3 Rxa3 65. g7 Nxg7 66. Rxg7 b4 67. Bc5 Rb3 68. Rb7 a3 69. Rxb4 Rxb4 70. Bxb4 a2 71. Bc3+ Ke4 72. Kf2 Kf4 73.
Ba1 Kg4 74. Bf6 Kf4 75. Ba1 Kg4 76. Bf6 Kf4 77. Ba1 1/2-1/2

[Event "*** Titled Tuesday Blitz"]
[Site "Chess.com"]
[Date "2018.04.03"]
[Round "8"]
[White "Slovak_fighter2000"]
[Black "Ravan_02"]
[Result "1/2-1/2"]
[WhiteElo "2347"]
[BlackElo "2455"]
[TimeControl "180+2"]
[EndTime "14:50:34 PDT"]
[Termination "Game drawn - insufficient material"]

1. d4 Nf6 2. c4 g6 3. Nc3 Bg7 4. e4 d6 5. Be2 O-O 6. Bg5 Qe8 7. Nf3 e5 8. d5 a5 9. Nd2 Na6 10. O-O Nc5 11. b3 h6 12. Be3 Nfd7 13. a3 f5 14. f3 f4 15. Bf2 Nf6 16. b4 Ncd7 17. c5 g5 18. Nc4 Qe7 19. cxd6 cxd6 20. Nxa5 h5 21.
Nb5 g4 22. Bh4 Qd8 23. Nc4 g3 24. Nbxd6 b5 25. Nxc8 Rxc8 26. Na5 Qb6+ 27. Kh1 Rf7 28. Rc1 Rxc1 29. Qxc1 Bf8 30. hxg3 fxg3 31. Bxg3 h4 32. Bf2 Qd8 33. Nc6 Qe8 34. Qg5+ Rg7 35. Qf5 Kh8 36. Bxh4 Rh7 37. g3 Rh5 38. Qe6 Qg6 39.
Kh2 Bh6 40. Qh3 Bg5 41. Ne7 Qh7 42. Nf5 Nf8 43. Bxb5 Ng6 44. Be2 Nxh4 45. gxh4 Bxh4 46. Kg2 Bg5 47. Qg3 Bf4 48. Qg7+ Qxg7+ 49. Nxg7 Kxg7 50. Rh1 Rg5+ 51. Kf1 Nh5 52. Rg1 Ng3+ 53. Kf2 Kf6 54. a4 Rg8 55. Rd1 Nxe2 56. Kxe2 Rg2+ 57. Kd3 Ra2 58. a5 Ke7 59. Kc4 Kd6 60. Rd3 Bd2 61.
Rb3 Rc2+ 62. Kb5 Be3 63. Ra3 Ba7 64. a6 Rc8 65. Ka5 Rb8 66. Rc3 Bb6+ 67. Ka4 Bf2 68.
Rc6+ Kd7 69. b5 Rh8 70. Rc3 Rb8 71. Ka5 Be1 72. a7 Bxc3+ 73. Ka6 Rc8 74. b6 Bd4 75. b7 Rc1 76. b8=Q Ra1+ 77. Kb7 Rb1+ 78. Ka8 Ra1 79. Qb7+ Kd8 80. Kb8 Bc5 81. a8=Q Bd6+ 82. Qc7+ Bxc7+ 83. Kb7+ Rxa8 84. Kxa8 Kc8 85. Ka7 Kd7 86. Kb7 Bd6 87. Kb6 Ba3 88. Kb7 Bc5 89. Kb8 Kd6 90. Kb7 Be3 91. Kc8 Bg5 92. Kb7 Kc5 93.
Kc7 Kd4 94. Kd6 Bf6 95. Ke6 Bh4 96. d6 Bd8 97. d7 Bc7 98. Ke7 Ke3 99. Ke6 Kf4 100.
Kf6 Bd8+ 101. Ke6 Ba5 102. Kd6 Bd8 103. Ke6 Bh4 104. Kd6 Bd8 105. Ke6 Bc7 106. Kf6 Kxf3 107. d8=Q Bxd8+ 108. Kxe5 Bc7+ 109. Kf5 Bb8 110. e5 Bxe5 1/2-1/2

[Event "*** Titled Tuesday Blitz"]
[Site "Chess.com"]
[Date "2018.04.03"]
[Round "9"]
[White "toad"]
[Black "AndrewDGreen"]
[Result "1-0"]
[WhiteElo "2244"]
[BlackElo "2118"]
[TimeControl "180+2"]
[EndTime "14:55:09 PDT"]
[Termination "toad won by resignation"]

1. d4 Nf6 2. c4 c5 3. d5 e5 4. Nc3 d6 5. e4 Nbd7 6. g3 Be7 7. h4 h5 8. Bh3 g6 9. Nf3 Bf8 10. Ng5 Bh6 11. Be3 Ng4 12. Bxg4 hxg4 13. Qxg4 Nb6 14. Qf3 f6 15. Ne6 Bxe6 16. Bxh6 Rxh6 17. dxe6 Nxc4 18. Nd5 Qa5+ 19. b4 cxb4 20. O-O g5 21. hxg5 Nd2 22.
Qf5 1-0

[Event "*** Titled Tuesday Blitz"]
[Site "Chess.com"]
[Date "2018.04.03"]
[Round "9"]
[White "olomi007"]
[Black "pultineviciuspaulius"]
[Result "1-0"]
[WhiteElo "2558"]
[BlackElo "2589"]
[TimeControl "180+2"]
[EndTime "14:55:13 PDT"]
[Termination "olomi007 won by resignation"]

1. e4 c6 2. d4 d5 3. Nc3 dxe4 4. Nxe4 Bf5 5. Ng3 Bg6 6. h4 h6 7. Nf3 Nd7 8. h5 Bh7 9. Bd3 Bxd3 10. Qxd3 Ngf6 11. Bd2 e6 12. O-O-O Be7 13. Kb1 Qc7 14. Ne4 O-O 15. g4 Nxe4 16. Qxe4 Nf6 17. Qe2 c5 18. g5 hxg5 19. Bxg5 cxd4 20. Rdg1 Nd5 21. Bh6 Qb6 22. Rxg7+ Kh8 23. Qd3 f5 24. Ne5 Nf4 25. Qg3 Bf6 26. Ng6+ 1-0

[Event "*** Titled Tuesday Blitz"]
[Site "Chess.com"]
[Date "2018.04.03"]
[Round "9"]
[White "SanQui14"]
[Black "GMSrinath"]
[Result "1-0"]
[WhiteElo "2243"]
[BlackElo "2684"]
[TimeControl "180+2"]
[EndTime "14:55:26 PDT"]
[Termination "SanQui14 won by resignation"]

1. e4 c5 2. Nf3 d6 3. d4 cxd4 4. Qxd4 a6 5. h3 Nc6 6. Qe3 g6 7. c4 Bg7 8. Nc3 Nf6 9. Be2 O-O 10. O-O Nd7 11. Rd1 Nc5 12. Rb1 Bxc3 13. Qxc3 Nxe4 14. Qe3 Nf6 15. b4 Qc7 16. b5 axb5 17. cxb5 Ne5 18. Nxe5 dxe5 19. Bb2 Bf5 20. Bxe5 Qc2 21. Rb2 Qa4 22.
Rd4 Qa5 23. Bf3 Rad8 24. Bxb7 Rxd4 25. Bxd4 Rd8 26. Bf3 Qa4 27. Bc5 Ne4 28. Bxe4 Bxe4 29. Rb4 Qd1+ 30. Kh2 Bb7 31. Rd4 Rxd4 32. Bxd4 f6 33.
Qxe7 Qxd4 34. Qxb7 Qf4+ 35. g3 Qxf2+ 36. Qg2 Qd4 37.
Qc2 Qb4 38. Qb3+ 1-0

[Event "*** Titled Tuesday Blitz"]
[Site "Chess.com"]
[Date "2018.04.03"]
[Round "9"]
[White "lukas_111111"]
[Black "nochewycandy"]
[Result "1-0"]
[WhiteElo "2491"]
[BlackElo "2072"]
[TimeControl "180+2"]
[EndTime "14:55:31 PDT"]
[Termination "lukas_111111 won by resignation"]

1. e4 g6 2. d4 Bg7 3. Nc3 d6 4. f4 a6 5. Nf3 b5 6. Bd3 Bb7 7. e5 Nd7 8. Qe2 Nh6 9. Ng5 e6 10. Nce4 Qe7 11. a4 b4 12. Bd2 a5 13. O-O O-O 14. c3 bxc3 15. bxc3 Nb6 16. Rfb1 Rfd8 17. exd6 Rxd6 18. Nxd6 Qxd6 19. Ne4 Qd8 20. Nc5 Bd5 21. Be4 Nf5 22. Bxd5 Qxd5 23. Qe4 Qxe4 24. Nxe4 Nc4 25. Rb7 Rc8 26. Rab1 Ne7 27. Rb8 f5 28. Rxc8+ Nxc8 29. Rb8 fxe4 30. Rxc8+ Kf7 31. Rxc7+ Kf6 32. Rxc4 1-0

[Event "*** Titled Tuesday Blitz"]
[Site "Chess.com"]
[Date "2018.04.03"]
[Round "9"]
[White "ristingho"]
[Black "guillembaches"]
[Result "1-0"]
[WhiteElo "2290"]
[BlackElo "2210"]
[TimeControl "180+2"]
[EndTime "14:55:32 PDT"]
[Termination "ristingho won by resignation"]

1. d4 Nf6 2. c4 e6 3. Nc3 Bb4 4. Qc2 O-O 5. Nf3 b6 6. e4 d5 7. cxd5 exd5 8. e5 Ne4 9. Bd3 f5 10. exf6 Nxf6 11. O-O Be6 12. Ng5 Qd6 13. Bxh7+ Kh8 14.
Bd3 Nc6 15. Nb5 Qd7 16. Nxe6 Qxe6 17. Bf5 Qe8 18. Nxc7 Qh5 19. Qxc6 Rac8 20. Bxc8 1-0

[Event "*** Titled Tuesday Blitz"]
[Site "Chess.com"]
[Date "2018.04.03"]
[Round "9"]
[White "WinnerOleg"]
[Black "Tramontanaaa"]
[Result "0-1"]
[WhiteElo "2338"]
[BlackElo "2379"]
[TimeControl "180+2"]
[EndTime "14:55:34 PDT"]
[Termination "Tramontanaaa won by resignation"]

1. b3 e5 2. Bb2 Nc6 3. e3 d5 4.
Bb5 Bd6 5. f4 f6 6. fxe5 fxe5 7.
Bxc6+ bxc6 8. Nf3 Qe7 9. O-O Nf6 10. d4 e4 11. Ne5 Bd7 12. c4 O-O 13. Nxd7 Qxd7 14. c5 Be7 15. Nd2 Ng4 16. Qe2 Bg5 17.
Rxf8+ Rxf8 18. Nf1 Rf2 19. Qxg4 Rxf1+ 0-1

[Event "*** Titled Tuesday Blitz"]
[Site "Chess.com"]
[Date "2018.04.03"]
[Round "9"]
[White "andante"]
[Black "gemarin"]
[Result "1-0"]
[WhiteElo "2197"]
[BlackElo "1890"]
[TimeControl "180+2"]
[EndTime "14:55:41 PDT"]
[Termination "andante won by resignation"]

1. d4 d5 2. Nf3 c6 3. c4 Nf6 4. Nc3 e6 5. Bf4 Nbd7 6. e3 Bb4 7. Bd3 O-O 8. Qc2 dxc4 9. Bxc4 b5 10. Bd3 a6 11. Ne5 Bb7 12. Bg5 h6 13. h4 Qb6 14.
O-O-O c5 15. dxc5 Nxc5 16. Bxf6 gxf6 17. Ng4 Kg7 18. Rh3 f5 19. Bxf5 exf5 20. Qxf5 Bxc3 21. Rg3 Kh8 22. bxc3 Be4 23. Qe5+ Kh7 24. Nf6+ 1-0

[Event "*** Titled Tuesday Blitz"]
[Site "Chess.com"]
[Date "2018.04.03"]
[Round "9"]
[White "schoolmeester"]
[Black "DrHolmes13"]
[Result "1-0"]
[WhiteElo "2728"]
[BlackElo "2486"]
[TimeControl "180+2"]
[EndTime "14:56:07 PDT"]
[Termination "schoolmeester won by resignation"]

1. e4 c6 2. f3 d5 3. d4 e6 4. Be3 Nf6 5. e5 Nfd7 6. c3 c5 7. f4 Nc6 8. Nf3 Qb6 9. Qd2 Be7 10. a3 Na5 11. Qc2 Qb3 12. Qc1 Nc4 13. Bxc4 Qxc4 14. Qd1 O-O 15. b3 Qb5 16. a4 Qa6 17. Na3 Qc6 18. O-O b6 19. Nc2 Ba6 20. Rf2 Rac8 21. g4 cxd4 22. Bxd4 Nc5 23. b4 Nxa4 24. Ne3 Nxc3 25.
Qb3 Ne2+ 26. Kh1 Bc4 1-0

[Event "*** Titled Tuesday Blitz"]
[Site "Chess.com"]
[Date "2018.04.03"]
[Round "9"]
[White "Ravan_02"]
[Black "Alopekos"]
[Result "1-0"]
[WhiteElo "2460"]
[BlackElo "2331"]
[TimeControl "180+2"]
[EndTime "14:56:27 PDT"]
[Termination "Ravan_02 won by resignation"]

1. d4 Nf6 2. c4 e6 3. Nc3 d5 4.
Nf3 c5 5. cxd5 Nxd5 6. e4 Nxc3 7. bxc3 cxd4 8. cxd4 Bb4+ 9. Bd2 Bxd2+ 10. Qxd2 O-O 11. Bc4 b6 12. O-O Bb7 13. d5 exd5 14. exd5 Nd7 15. Rfd1 Rc8 16. Rac1 Nf6 17. Qf4 Nxd5 18. Bxd5 Rxc1 19.
Qxc1 Bxd5 20. Qd2 Qe7 21. Qxd5 h6 22. g3 Qa3 23. Kg2 a5 24. Rd3 Qc1 25. Ne5 Qc7 26. Rf3 a4 27. Nd7 1-0

[Event "*** Titled Tuesday Blitz"]
[Site "Chess.com"]
[Date "2018.04.03"]
[Round "9"]
[White "Jbd735"]
[Black "Cecile-Haussernot"]
[Result "1-0"]
[WhiteElo "2229"]
[BlackElo "2278"]
[TimeControl "180+2"]
[EndTime "14:56:35 PDT"]
[Termination "Jbd735 won by checkmate"]

1. e4 c5 2. Nf3 d6 3. d4 cxd4 4. Nxd4 Nf6 5. Nc3 a6 6. Bg5 Nbd7 7. Qd2 b5 8. f3 Bb7 9. O-O-O Rc8 10. Kb1 g6 11. h4 h5 12. Nb3 Bg7 13. Be2 O-O 14. g4 b4 15. Nd5 Nxd5 16. exd5 hxg4 17. h5 gxf3 18. Bxf3 Ne5 19. Be4 Nc4 20. Qh2 Be5 21.
Qh3 Bg7 22. hxg6 fxg6 23. Qh7+ Kf7 24. Bxg6# 1-0

[Event "*** Titled Tuesday Blitz"]
[Site "Chess.com"]
[Date "2018.04.03"]
[Round "9"]
[White "Triumphmate"]
[Black "Bad4life"]
[Result "0-1"]
[WhiteElo "2157"]
[BlackElo "2379"]
[TimeControl "180+2"]
[EndTime "14:57:11 PDT"]
[Termination "Bad4life won by checkmate"]

1. e4 d6 2. d4 Nf6 3. Nc3 g6 4. Be3 a6 5. Qd2 b5 6. O-O-O Nbd7 7. e5 Ng4 8. Bg5 h6 9. Bh4 g5 10. Be2 gxh4 11. Bxg4 h5 12. Bf3 Bh6 13. Bxa8 Bxd2+ 14. Rxd2 Nb6 15. Bf3 Nc4 16. Rd1 Bf5 17. Nge2 e6 18.
Bc6+ Kf8 19. Be4 b4 20. Bxf5 bxc3 21. Bd3 Nxb2 22. Rde1 Na4 23. Nf4 Qg5 24. g3 dxe5 25. Rxe5 Qe7 26. Rhe1 Nb2 27. Rxe6 Qa3 28. Re8+ Kg7 29.
Bf5 Nd3+ 30. Kb1 Qb2# 0-1

[Event "*** Titled Tuesday Blitz"]
[Site "Chess.com"]
[Date "2018.04.03"]
[Round "9"]
[White "TST2014"]
[Black "nickmatta"]
[Result "1-0"]
[WhiteElo "2361"]
[BlackElo "2298"]
[TimeControl "180+2"]
[EndTime "14:57:38 PDT"]
[Termination "TST2014 won by checkmate"]

1. d4 Nf6 2. c4 g6 3. Nf3 Bg7 4. Nc3 d5 5. Bg5 Ne4 6. Bf4 Nxc3 7. bxc3 dxc4 8. e3 b5 9. a4 c6 10. Qb1 a6 11. axb5 cxb5 12. Qe4 Nc6 13. Qxc6+ Bd7 14. Qb7 a5 15. Bc7 Qc8 16. Qxc8+ Rxc8 17. Bxa5 O-O 18. Bb4 Rfe8 19. Be2 Bc6 20. O-O f6 21. Ra7 e5 22.
dxe5 fxe5 23. Ng5 e4 24. Bg4 Ra8 25. Be6+ Kh8 26. Nf7+ Kg8 27. Rxa8 Bxa8 28. Ng5+ Kh8 29. Bd7 Rb8 30. Ra1 Bf6 31. Ne6 Bd5 32. Nc7 Bf7 33.
Nxb5 Rb7 34. Bc6 Rb6 35. Ra8+ Kg7 36. Bf8+ Kg8 37. Bh6+ Be8 38. Rxe8+ Kf7 39. Nd6# 1-0

[Event "*** Titled Tuesday Blitz"]
[Site "Chess.com"]
[Date "2018.04.03"]
[Round "9"]
[White "AndrewMcStone"]
[Black "2Tilted"]
[Result "0-1"]
[WhiteElo "2076"]
[BlackElo "2261"]
[TimeControl "180+2"]
[EndTime "14:57:39 PDT"]
[Termination "2Tilted won by resignation"]

1. d4 Nf6 2. c4 c5 3. d5 b5 4. cxb5 a6 5. f3 Qa5+ 6. Bd2 Qxb5 7. e4 Qxb2 8. Bc3 Qb7 9. Nd2 d6 10. Rb1 Qa7 11. Nc4 Nbd7 12. Bd3 Rb8 13. Ne2 g6 14.
O-O Bg7 15. Qa4 Rxb1 16. Rxb1 O-O 17. Kh1 Ne8 18. Qc6 Nc7 19. Bxg7 Kxg7 20. Nb6 Nxb6 21. Qxb6 Qxb6 22. Rxb6 f5 23. Kg1 fxe4 24. fxe4 Bg4 25. a4 Bxe2 26. Bxe2 Kf6 27. Bh5 gxh5 0-1

[Event "*** Titled Tuesday Blitz"]
[Site "Chess.com"]
[Date "2018.04.03"]
[Round "9"]
[White "TrimitziosP7"]
[Black "PchelkinVK"]
[Result "0-1"]
[WhiteElo "2591"]
[BlackElo "2409"]
[TimeControl "180+2"]
[EndTime "14:57:43 PDT"]
[Termination "PchelkinVK won by resignation"]

1. Nf3 Nc6 2. c4 e5 3. Nc3 Nf6 4. d4 exd4 5. Nxd4 d5 6. cxd5 Nxd5 7. Nxc6 bxc6 8. e4 Nxc3 9. Qxd8+ Kxd8 10. bxc3 Bd6 11. Bc4 Ke7 12. O-O Be6 13. Be2 Rab8 14. Be3 Rb2 15. Bd3 a5 16. a4 Rhb8 17. f4 f6 18. Bd4 c5 19. Be3 c4 20. e5 cxd3 21. exd6+ cxd6 22. f5 Bd5 23. Rf2 Be4 24. Re1 d5 25.
Bd2 Rc2 26. g4 Rbb2 27. Rd1 Kd6 28. Kf1 Kc5 29. Ke1 Kc4 30. h4 Kb3 31. Ra1 Ra2 32. Rb1+ Rcb2 33. Rd1 Kxa4 34. g5 Kb3 35. h5 h6 36. g6 a4 37. Rc1 a3 38. c4 Rxd2 39. Rxd2 Rxd2 40. Kxd2 dxc4 41. Rc3+ Kb4 42. Rc1 a2 43. Ke3 c3 44. Kxe4 d2 45. Ra1 Kb3 46. Kd3 Kb2 47. Rd1 a1=Q 48. Rxa1 Kxa1 49. Kc2 Ka2 50. Kxc3 d1=Q 0-1

[Event "*** Titled Tuesday Blitz"]
[Site "Chess.com"]
[Date "2018.04.03"]
[Round "9"]
[White "TastyFrenchFries"]
[Black "pedromartinez91"]
[Result "0-1"]
[WhiteElo "2316"]
[BlackElo "2379"]
[TimeControl "180+2"]
[EndTime "14:57:46 PDT"]
[Termination "pedromartinez91 won by resignation"]

1. e4 c5 2. Nf3 Nc6 3. Bb5 d6 4. Bxc6+ bxc6 5. h3 e5 6. O-O Nf6 7. d3 Be7 8. Nc3 O-O 9. a3 a5 10.
Rb1 Be6 11. Ng5 Bd7 12. f4 exf4 13. Bxf4 h6 14. Nf3 Be6 15. Qd2 Nd7 16. Ne2 f6 17. Ng3 Ne5 18. Nxe5 dxe5 19. Be3 c4 20. Nf5 Bxf5 21.
Rxf5 cxd3 22. cxd3 Qd7 23. Rd1 Rfd8 24. Qe2 Bf8 25.
Qg4 Kh7 26. Bf2 Rab8 27. Rd2 c5 28. h4 g6 29. h5 gxf5 30. Qg6+ Kh8 31. Qxf6+ Bg7 32.
Qg6 f4 33. Bh4 Rf8 34. Rc2 Rbc8 35. Rc3 Rc6 36. Qf5 Rxf5 37. exf5 0-1

[Event "*** Titled Tuesday Blitz"]
[Site "Chess.com"]
[Date "2018.04.03"]
[Round "9"]
[White "Korchmar_Vasiliy"]
[Black "temiksmozg"]
[Result "1-0"]
[WhiteElo "2680"]
[BlackElo "2547"]
[TimeControl "180+2"]
[EndTime "14:57:47 PDT"]
[Termination "Korchmar_Vasiliy won by resignation"]

1. d4 f5 2. g3 Nf6 3. Bg2 g6 4. Nf3 Bg7 5. O-O O-O 6. c4 d6 7. Nc3 Nc6 8. d5 Na5 9. Qd3 c5 10. Bd2 a6 11. Rab1 b5 12. cxb5 axb5 13. Nxb5 Ba6 14.
a4 Ne4 15. Bc3 c4 16. Qc2 Bxb5 17. axb5 Qb6 18. Bxg7 Kxg7 19. e3 Qxb5 20. Nd4 Qxd5 21. f3 Nc5 22. f4 Ne4 23. Rbd1 Qb7 24. Ne6+ Kh6 25. Nxf8 Rxf8 26. g4 d5 27. g5+ Kg7 28.
Bxe4 fxe4 29. Qc3+ Kg8 30. Qxa5 e6 31. Qc3 Rb8 32. Rf2 Qa7 33. Qe5 Qb6 34. Ra1 Re8 35.
Qc3 Qc5 36. h4 1-0

[Event "*** Titled Tuesday Blitz"]
[Site "Chess.com"]
[Date "2018.04.03"]
[Round "9"]
[White "GMMatamoros"]
[Black "Zhuu96"]
[Result "1-0"]
[WhiteElo "2481"]
[BlackElo "2713"]
[TimeControl "180+2"]
[EndTime "14:57:47 PDT"]
[Termination "GMMatamoros won by checkmate"]

1. c4 g6 2. g3 Bg7 3. Bg2 e5 4. Nc3 Nc6 5. e4 h5 6. h4 d6 7. Nge2 Be6 8. d3 Nh6 9. Nd5 Qd7 10. Bg5 Ng8 11. Qd2 f6 12. Be3 Nge7 13. d4 O-O 14.
Nxe7+ Nxe7 15. d5 Bf7 16. Bh3 f5 17. Bg5 Kh8 18. Nc3 Ng8 19. O-O Rae8 20. f4 exf4 21. Rxf4 Nh6 22. Raf1 Bg8 23. exf5 Nxf5 24. Qd3 Bh7 25.
Nb5 Bxb2 26. Nd4 Bxd4+ 27. Rxd4 Re5 28. Rdf4 Qe8 29. Bxf5 gxf5 30. Qd4 b6 31. R4f3 Kg8 32. Ra3 a5 33. Raf3 Re4 34. Qc3 Qa4 35. Rf4 Qe8 36. Bh6 Rf7 37. Rxe4 fxe4 38. Rxf7 Qxf7 39. Qe3 Bf5 40.
Qg5+ Kh7 41. Qf4 Qf6 42. Bg5 Qa1+ 43. Qc1 Qd4+ 44. Be3 Qd3 45. Qe1 Bh3 46. Qf2 Kg8 47.
Kh2 Bf1 48. Bh6 Qxc4 49. Qf8+ Kh7 50. Qg7# 1-0

[Event "*** Titled Tuesday Blitz"]
[Site "Chess.com"]
[Date "2018.04.03"]
[Round "9"]
[White "comedy_of_errors"]
[Black "Slovak_fighter2000"]
[Result "1-0"]
[WhiteElo "2430"]
[BlackElo "2341"]
[TimeControl "180+2"]
[EndTime "14:58:00 PDT"]
[Termination "comedy_of_errors won on time"]

1. Nf3 e6 2. c4 Nf6 3. g3 d5 4.
Bg2 Be7 5. O-O O-O 6. d4 dxc4 7. Qc2 a6 8. a4 Bd7 9. Rd1 Bc6 10. Nc3 a5 11. e4 b6 12. Ne5 Bb7 13. Nxc4 Na6 14.
Bf4 Nb4 15. Qe2 Ba6 16. b3 Rc8 17. Rac1 Nd7 18. h4 Bf6 19. e5 Be7 20. d5 exd5 21. Nxd5 Nxd5 22. Rxd5 Qe8 23. e6 Nc5 24. exf7+ Qxf7 25.
Re5 Nxb3 26. Bd5 Nxc1 27. Bxc1 Bf6 28. Bxf7+ Rxf7 29. Re4 h6 30. Re8+ Rxe8 31. Qxe8+ Rf8 32. Qe6+ Kh8 33. Bf4 Bc8 34. Qc6 Bg4 35. Ne5 Bh3 36.
Ng6+ 1-0

[Event "*** Titled Tuesday Blitz"]
[Site "Chess.com"]
[Date "2018.04.03"]
[Round "9"]
[White "RandomOracle"]
[Black "Bauxi435"]
[Result "1-0"]
[WhiteElo "2149"]
[BlackElo "2400"]
[TimeControl "180+2"]
[EndTime "14:58:06 PDT"]
[Termination "RandomOracle won on time"]

1. d4 Nf6 2. c4 e6 3. g3 d5 4. Nf3 dxc4 5. Bg2 Bd7 6. Ne5 Bc6 7. Nxc6 Nxc6 8. e3 Qd7 9. O-O Rd8 10. Qa4 e5 11. dxe5 Nxe5 12. Qxa7 c6 13. Nc3 Nd3 14. Qa4 b5 15. Qa6 Nb4 16. Qa5 Bc5 17. Rd1 Nd3 18.
b3 Ng4 19. Qa6 Rc8 20. Ne4 Be7 21. bxc4 f5 22. Rxd3 Qxd3 23. Qxc8+ Kf7 24. Qxf5+ Nf6 25.
Ng5+ Ke8 26. Qxd3 1-0

[Event "*** Titled Tuesday Blitz"]
[Site "Chess.com"]
[Date "2018.04.03"]
[Round "9"]
[White "pulvettd"]
[Black "Patzel09"]
[Result "0-1"]
[WhiteElo "2436"]
[BlackElo "2571"]
[TimeControl "180+2"]
[EndTime "14:58:10 PDT"]
[Termination "Patzel09 won on time"]

1. d4 Nf6 2. c4 e6 3. Nf3 c5 4. d5 exd5 5. cxd5 d6 6. Nc3 g6 7.
Nd2 Bg7 8. e4 O-O 9. Be2 Nbd7 10.
O-O Re8 11. Re1 a6 12. a4 Ne5 13. Nf1 c4 14. h3 Bd7 15. a5 Bb5 16. Ng3 Nfd7 17.
f4 Nd3 18. Bxd3 cxd3 19. Nxb5 axb5 20. Qxd3 Rxa5 21. Bd2 b4 22. Qc4 Rxa1 23. Rxa1 Qb6+ 24. Kh2 h5 25. e5 dxe5 26. f5 e4 27. Nxe4 Qd4 28.
Qxd4 Bxd4 29. Re1 gxf5 30. Ng3 Rxe1 31. Bxe1 b3 32. Nxf5 Bxb2 33. Ne7+ Kf8 34. Bb4 Be5+ 35. g3 b2 36. Ng6+ Kg7 37. Nxe5 Nxe5 38. Bc3 b1=Q 39. Bxe5+ f6 40. Bf4 Qc2+ 41. Kg1 b5 42. h4 b4 43. d6 b3 44. d7 b2 45. d8=Q b1=Q+ 0-1

[Event "*** Titled Tuesday Blitz"]
[Site "Chess.com"]
[Date "2018.04.03"]
[Round "9"]
[White "simplerXiao"]
[Black "julinha97"]
[Result "0-1"]
[WhiteElo "2364"]
[BlackElo "2254"]
[TimeControl "180+2"]
[EndTime "14:58:13 PDT"]
[Termination "julinha97 won by resignation"]

1. e4 c5 2. Nf3 d6 3. d4 cxd4 4.
Nxd4 Nf6 5. Nc3 g6 6. Be3 Bg7 7. f3 O-O 8. Qd2 Nc6 9. O-O-O d5 10. exd5 Nxd5 11. Nxc6 bxc6 12. Bd4 Bxd4 13. Qxd4 Qb6 14.
Nxd5 cxd5 15. Qxb6 axb6 16. a3 Rd8 17. Bb5 Ra5 18.
a4 e6 19. b4 Ra7 20. Kb2 Bd7 21. c4 Bxb5 22. axb5 Rda8 23. Ra1 dxc4 24. Rxa7 Rxa7 25. Rc1 Rc7 26. Rd1 c3+ 27. Kc2 Rc4 28. Kb3 Rc7 29.
Rc1 Kf8 30. Rxc3 Rxc3+ 31. Kxc3 Ke7 32. Kd4 Kd6 33. f4 f6 34. Ke4 h5 35. g3 e5 36.
fxe5+ fxe5 37. h3 Ke6 38. g4 hxg4 39. hxg4 Kd6 40. Kd3 Kd5 41. Ke3 g5 42. Kd3 e4+ 43. Ke3 Ke5 0-1

[Event "*** Titled Tuesday Blitz"]
[Site "Chess.com"]
[Date "2018.04.03"]
[Round "9"]
[White "Danny_The_Donkey"]
[Black "djano"]
[Result "1-0"]
[WhiteElo "2653"]
[BlackElo "2454"]
[TimeControl "180+2"]
[EndTime "14:58:17 PDT"]
[Termination "Danny_The_Donkey won by resignation"]

1. e4 c5 2. Nf3 Nc6 3. d4 cxd4 4. Nxd4 g6 5. c4 Nf6 6. Nc3 Nxd4 7. Qxd4 d6 8. f3 Bg7 9. Be3 O-O 10. Qd2 a5 11.
Be2 a4 12. O-O Qa5 13. Rfd1 Be6 14. Rac1 Rfc8 15. Nb5 Qxd2 16. Rxd2 Nd7 17. Rdc2 Ne5 18. h3 Bd7 19. Kf2 Kf8 20. Nd4 Nc6 21. Nxc6 Rxc6 22.
c5 dxc5 23. Bb5 Rd6 24. Bxd7 Rxd7 25. Rxc5 Bxb2 26. Bh6+ Ke8 27. Rc8+ Rd8 28. Rxa8 Rxa8 29. Rc2 Bd4+ 30. Be3 Bxe3+ 31. Kxe3 Kd7 32. Rd2+ Kc7 33.
Rc2+ Kb6 34. Rc4 Kb5 35. Rc7 Kb4 36. Rxe7 b5 37. Rb7 Rc8 38. e5 Rc2 39. Rxf7 Rxa2 40.
e6 Ra1 41. Kd2 Ra2+ 42. Kd3 Ra1 43. Rf4+ Kc5 44. e7 1-0